 Dungeon Crawl Stone Soup version 0.30-a0-852-g08b95dd62f (webtiles) character file.

Game seed: 11998267847052686659

3836 freelancePsychic the Fighter (level 10, -11/111 HPs)
             Began as an Ogre Artificer on Mar 5, 2023.
             Was a Priest of Okawaru.
             Mangled by a yak (13 damage)
             ... on level 7 of the Dungeon.
             The game lasted 00:15:12 (10513 turns).

freelancePsychic the Fighter (Ogre Artificer)      Turns: 10513, Time: 00:15:12

Health: -11/111    AC:  4    Str: 18    XL:     10   Next: 18%
Magic:  14/14      EV: 10    Int: 12    God:    Okawaru [***...]
Gold:   314        SH:  0    Dex: 18    Spells: 9/9 levels left

rFire   . . .      SeeInvis .    x - +5 mace of Eret {speed, Fly rElec Will- Dex+5}
rCold   . . .      Faith    .    (no shield)
rNeg    . . .      Spirit   .    b - +0 robe
rPois   +          Reflect  .    (helmet restricted)
rElec   +          Rampage  .    j - +0 cloak
rCorr   .                        (gloves unavailable)
Will    +....                    (boots unavailable)
Stlth   ++                       (no amulet)
HPRegen 0.38/turn                e - ring of poison resistance
MPRegen 0.14/turn                q - ring of willpower

@: flying
A: large, unfitting armour, tough skin 1
a: Renounce Religion, Heroism


You were on level 7 of the Dungeon.
You worshipped Okawaru.
Okawaru was most pleased with you.
You visited 2 branches of the dungeon, and saw 9 of its levels.

You collected 314 gold pieces.

Inventory:

Hand Weapons
 l - a +3 whip of flaming
 u - a +4 quarterstaff of chaos
 x - the +5 mace of Eret (weapon) {speed, Fly rElec Will- Dex+5}
   (You found it on level 4 of the Dungeon)

   Dex:       It affects your dexterity (+5).
   rElec:     It insulates you from electricity.
   Fly:       It grants you flight.
   Will:      It decreases your willpower.
Missiles
 g - 11 boomerangs
 p - 6 curare-tipped darts (quivered)
Armour
 b - a +0 robe (worn)
 j - a +0 cloak (worn)
Jewellery
 e - a ring of poison resistance (left hand)
 q - a ring of willpower (right hand)
 C - a ring of resist corrosion
Wands
 d - a wand of charming (15)
Scrolls
 f - 8 scrolls of teleportation {@r4}
 h - a scroll of noise
 v - a scroll of torment
 w - 3 scrolls of fog
 y - a scroll of blinking
 B - a scroll of poison {unknown}
 F - a scroll of immolation
Potions
 a - a potion of lignification
 c - a potion of flight {unknown}
 i - 2 potions of haste {@q3}
 k - a potion of invisibility {unknown}
 m - a potion of magic {unknown}
 n - 2 potions of mutation {unknown}
 o - a potion of brilliance {unknown}
 r - a potion of cancellation {unknown}
 s - a potion of might {unknown}
 z - 3 potions of heal wounds {unknown}
 A - 4 potions of curing {@q1}
 D - a potion of ambrosia {unknown}
 E - a potion of degeneration {unknown}


   Skills:
 + Level 10.8 Fighting
 - Level 4.3 Maces & Flails
 + Level 8.7 Throwing
 + Level 2.1 Dodging
 - Level 0.6 Stealth
 - Level 6.0 Invocations
 - Level 3.0 Evocations


You had 9 spell levels left.
You didn't know any spells.
Your spell library contained the following spells:

 Spells                   Type           Power      Damage    Failure   Level
 Beastly Appendage        Tmut           0%         N/A       32%         1
 Scorch                   Fire           0%         2d5       45%         2
 Wereblood                Tmut           0%         N/A       45%         2
 Spider Form              Tmut/Pois      0%         N/A       69%         3
 Flame Wave               Conj/Fire      0%         2d4       97%         4
 Summon Cactus Giant      Summ           Unusable   N/A       N/A         6

Dungeon Overview and Level Annotations

Branches:
Dungeon (8/15)             Temple (1/1) D:5
   Lair: D:8-11

Altars:
Cheibriados
Dithmenos
Elyvilon
Fedhas
Hepliaklqana
Okawaru
Qazlal
Trog
Uskayaw
Zin


Innate Abilities, Weirdness & Mutations

You are too large for most types of armour.
You have tough skin. (AC +1)


Message History

No target in view!
No target in view!
No target in view!
No target in view!
No target in view!
No target in view!
HP restored.
Partly explored, can't reach some places.
Partly explored, can't reach some places.
Partly explored, can't reach some places.
Unknown command.
(D) Dungeon (T) Temple
Where to? (Enter - D:7, ? - help)
There is a stone staircase leading down, spattered with blood here.
You fly downwards.
The yak gores you. x2; The hornet simulacrum hits you.
The hornet simulacrum freezes you! The howler monkey simulacrum hits you.
The howler monkey simulacrum freezes you.
The yak closely misses you. The yak gores you!
The hornet simulacrum hits you but does no damage.
There is a stone staircase leading up, spattered with blood here.
The centaur shouts!
The centaur wields a +0 shortbow.
The centaur shoots an arrow.
The arrow hits you! The howler monkey simulacrum hits you.
The howler monkey simulacrum freezes you.
The yak gores you! The yak gores you. The hornet simulacrum hits you!
The hornet simulacrum freezes you!
* * * LOW HITPOINT WARNING * * *
You fly upwards.
There is a stone staircase leading down, spattered with blood here.
As you read the scroll of fear, it crumbles to dust.
You assume a fearsome visage.
The yak looks frightened!
The yak resists with some effort.
The yak gores you!
* * * LOW HITPOINT WARNING * * *
The yak gores you.
* * * LOW HITPOINT WARNING * * *
The yak completely misses you. The yak gores you!
* * * LOW HITPOINT WARNING * * *
The yak gores you!
You die...

#.....# ####### #
##.#.#.###.....# #
#.Y.....##.>...# #
##.###.###†....#
#..#.## #.....####
#.#.## #.........
#.### #.###.####
#÷# ####.....#
#@####...##.### ##
#.Y....#.#.#.## .#
######....###.####
.# ####..## ##....
.#####
#......###.####
.....#
#.##.#.<#......
.###.########
#.##....†..#### .#
#........####
#.####.#.### .#
#####.......#
#......#.#


You could see 2 yaks.

Vanquished Creatures
  Prince Ribbit (D:6)
  Sigmund (D:3)
  Eustachio (D:6)
  4 yaks
  Menkaure (D:5)
  4 water moccasins
  Duvessa (D:5)
  An orc warrior (D:5)
  2 black bears (D:5)
  2 ice beasts (D:7)
  An ogre (D:7)
  2 centaurs
  2 scorpions (D:5)
  Dowan (D:5)
  A howler monkey (D:7)
  9 electric eels
  5 hounds
  Crazy Yiuf (D:3)
  2 orc priests
  2 gnoll boudas
  2 jellies (D:7)
  4 iguanas
  Jessica (D:3)
  5 orc wizards
  13 gnolls
  4 adders
  4 white imps
  2 worms
  4 dart slugs
  24 orcs
  5 endoplasms
  3 giant cockroaches
  9 goblins
  3 hobgoblins (D:1)
  3 jackals (D:2)
  3 kobolds
  2 quokkas (D:3)
  8 ball pythons
  5 bats
  3 frilled lizards
  5 rats
156 creatures vanquished.

Vanquished Creatures (others)
  6 plants (D:5)
6 creatures vanquished.

Grand Total: 162 creatures vanquished

Notes
Turn   | Place    | Note
-------+----------+-------------------------------------------
     0 | D:1      | freelancePsychic the Ogre Artificer began the quest for the
                  | Orb.
     0 | D:1      | Reached XP level 1. HP: 19/19 MP: 1/1
   236 | D:1      | Reached XP level 2. HP: 26/28 MP: 2/2
   300 | D:1      | Reached skill level 2 in Fighting
   824 | D:1      | Reached skill level 1 in Maces & Flails
  1052 | D:2      | Reached XP level 3. HP: 18/36 MP: 3/3
  2128 | D:3      | Reached skill level 3 in Fighting
  2129 | D:3      | Reached XP level 4. HP: 21/45 MP: 4/4
  2282 | D:3      | Noticed Jessica
  2287 | D:3      | Killed Jessica
  2455 | D:3      | Noticed Sigmund
  2464 | D:3      | Killed Sigmund
  2465 | D:3      | Reached skill level 5 in Fighting
  2465 | D:3      | Reached XP level 5. HP: 54/57 MP: 5/5
  2465 | D:3      | Reached XP level 6. HP: 62/66 MP: 6/6
  2652 | D:3      | Found a runed translucent door.
  2653 | D:3      | Noticed Crazy Yiuf
  3082 | D:3      | Killed Crazy Yiuf
  3408 | D:4      | Identified the +5 mace of Eret {speed, Fly rElec Will-
                  | Dex+5}
  3510 | D:4      | Reached skill level 1 in Throwing
  3993 | D:4      | Reached XP level 7. HP: 70/74 MP: 7/7
  4103 | D:4      | Reached skill level 6 in Fighting
  4217 | D:5      | Entered Level 5 of the Dungeon
  4217 | D:5      | Noticed Menkaure
  4513 | D:5      | Killed Menkaure
  4695 | D:5      | Found a staircase to the Ecumenical Temple.
  4704 | Temple   | Entered the Ecumenical Temple
  4722 | Temple   | HP: 3/76 [poisoned by a water moccasin]
  4959 | Temple   | Became a worshipper of Warmaster Okawaru
  5368 | D:5      | Reached skill level 1 in Invocations
  5491 | D:5      | Reached XP level 8. HP: 46/84 MP: 7/9
  5504 | D:5      | Reached skill level 7 in Fighting
  5700 | D:5      | Noticed Duvessa
  5703 | D:5      | Noticed Dowan
  5708 | D:5      | Killed Duvessa
  5708 | D:5      | Reached * piety under Okawaru
  5714 | D:5      | Killed Dowan
  5835 | D:5      | Reached skill level 5 in Throwing
  6576 | D:5      | Reached skill level 8 in Fighting
  6700 | D:5      | Reached ** piety under Okawaru
  6701 | D:5      | Reached XP level 9. HP: 83/96 MP: 11/11
  7267 | D:6      | Found a bloodstained altar of Trog.
  7283 | D:6      | Noticed Prince Ribbit
  7287 | D:6      | Killed Prince Ribbit
  7883 | D:6      | Noticed Eustachio
  7909 | D:6      | Killed Eustachio
  7910 | D:6      | Reached skill level 9 in Fighting
  7910 | D:6      | Reached skill level 5 in Invocations
  9485 | D:8      | Noticed a polar bear
  9592 | D:7      | Reached skill level 10 in Fighting
  9594 | D:7      | Reached XP level 10. HP: 28/110 MP: 11/14
  9836 | D:7      | Reached *** piety under Okawaru
 10512 | D:7      | HP: 2/111 [yak (9)]
 10513 | D:7      | Mangled by a yak

Illustrated notes

Levels and vault maps discovered:
D:1:      dpeg_arrival_round_b, layout_basic
D:2:      layout_loops_corners, grunt_ministairs_7
D:3:      layout_basic, uniq_sigmund, uniq_jessica, uniq_crazy_yiuf_cottage
D:4:      layout_cave_pods
D:5:      cheibrodos_two_vegetables, layout_rooms,
          minmay_temple_entry_large_hall, minmay_misc_feat_rugged,
          uniq_menkaure, uniq_duvessa
D:6:      layout_cave_pods, trog_ov_bears_minmay, uniq_prince_ribbit1,
          uniq_eustachio
D:7:      statuecave_lemuel, layout_loops_cross
D:8:      layout_cave_pools, nicolae_ru_sacrificial_ziggurat,
          lemuel_coloured_pillars_altar, serial_shops, nicolae_shop_trees,
          serial_ice, serial_ice_g, serial_ice_f, serial_ice_m, serial_ice_h
Temple:   cyrus_circular_temple

Skill      XL: |  1  2  3  4  5  6  7  8  9 |
---------------+----------------------------+-----
Fighting       | 2 3 5 6 8 10 | 10.8
Maces & Flails | 1 3 4 |  4.3
Evocations     | 3 |  3.0
Throwing       | 1 4 6 8 |  8.7
Invocations    | 1 3 6 |  6.0
Dodging        | |  2.1
Stealth        | |  0.6

Action                     |  1- 3 |  4- 6 |  7- 9 | 10-12 || total
---------------------------+-------+-------+-------+-------++-------
  Melee: Club              |    19 |       |       |       ||    19
         Mace              |    19 |       |   184 |    29 ||   232
         Whip              |    85 |    58 |       |       ||   143
         Punch             |       |     2 |     2 |     1 ||     5
         Quarterstaff      |       |    26 |   117 |       ||   143
  Throw: Dart              |       |     3 |     8 |     1 ||    12
         Boomerang         |       |       |    34 |     3 ||    37
 Invoke: Heroism           |       |       |     3 |       ||     3
  Evoke: Wand              |     5 |     5 |    10 |       ||    20
    Use: Scroll            |     3 |       |     7 |     2 ||    12
         Potion            |       |     2 |     2 |       ||     4
   Stab: Sleeping          |     2 |       |     3 |       ||     5
         Distracted        |       |       |     1 |       ||     1
 Armour: Robe              |    54 |    15 |    79 |     6 ||   154
         Skin              |       |       |     8 |       ||     8
  Dodge: Dodged            |    72 |    30 |   162 |    15 ||   279

Table legend: (Time is in decaauts)
 A = Elapsed time spent in this place.
 B = Non-inter-level travel time spent in this place.
 C = Inter-level travel time spent in this place.
 D = Time resting spent in this place.
 E = Time spent auto-exploring this place.
 F = Levels seen in this place.
 G = Mean time per level.
                   A        B        C        D        E       F      G
               +--------+--------+--------+--------+--------+-----+--------+
         Total |  10496 |   9999 |    497 |   1772 |   6901 |   9 | 1166.2 |
       Dungeon |   9982 |   9494 |    488 |   1316 |   6899 |   8 | 1247.8 |
        Temple |    513 |    504 |      9 |    456 |      2 |   1 |  513.0 |
               +--------+--------+--------+--------+--------+-----+--------+

Top non-repeatable levels by time:
     D:5: 2147 daAuts
     D:7: 1967 daAuts
     D:6: 1324 daAuts
     D:4: 1314 daAuts
     D:3: 1279 daAuts
     D:1: 975 daAuts
     D:2: 953 daAuts
  Temple: 513 daAuts
     D:8: 20 daAuts
